 Dungeon Crawl Stone Soup version 0.26.0-10-g1f06aea511 (webtiles) character file.

Game seed: 13826683771674617125

451 inc the Jinx (level 6, -10/25 HPs)
             Began as a Felid Enchanter on Feb 1, 2021.
             Was a Follower of Uskayaw.
             Splashed by Pikel's acid (17 damage)
             ... on level 4 of the Dungeon.
             The game lasted 00:14:01 (10877 turns).

inc the Jinx (Felid Enchanter)                     Turns: 10877, Time: 00:14:02

Health: -10/25     AC:  2    Str: 10    XL:     6   Next: 75%
Magic:  4/14       EV: 20    Int: 23    God:    Uskayaw [*.....]
Gold:   341        SH:  0    Dex: 18    Spells: 3/14 levels left
                                        Lives:  0   Deaths: 2

rFire    . . .     SeeInvis +     - Unarmed
rCold    . . .     Faith    .   (shield unavailable)
rNeg     . . .     Spirit   .   (armour unavailable)
rPois    .         Reflect  .   (helmet unavailable)
rElec    .         Harm     .   (cloak unavailable)
rCorr    .         Rampage  .   (gloves unavailable)
Will     .....                  (boots unavailable)
Stlth    +++.......             (no amulet)
HPRegen  0.08/turn              e - +6 ring of strength
MPRegen  0.14/turn              p - +6 ring of intelligence

@: quick
A: very small, no armour, no weapons or thrown items, stealth, claws 1, fangs 3,
see invisible, speed 1, shaggy fur 2, sharp paws
a: Renounce Religion, Stomp


You were on level 4 of the Dungeon.
You worshipped Uskayaw.
Uskayaw was noncommittal.
You visited 2 branches of the dungeon, and saw 6 of its levels.

You collected 341 gold pieces.

Inventory:

Jewellery
 e - a +6 ring of strength (left paw)
 g - an uncursed ring of wizardry
 i - a +6 ring of strength
 m - an uncursed ring of flight
 p - a +6 ring of intelligence (right paw)
 s - an uncursed ring of attention
Wands
 o - a wand of polymorph (15)
Scrolls
 a - 3 scrolls of enchant weapon
 c - 2 scrolls of enchant armour
 d - 4 scrolls of remove curse
 h - 3 scrolls of teleportation
 t - 2 scrolls of immolation {unknown}
 w - a scroll of identify
Potions
 b - a potion of degeneration {unknown}
 f - 3 potions of mutation
 j - a potion of ambrosia
 k - a potion of flight
 l - 3 potions of curing {unknown}
 n - a potion of cancellation
 q - a potion of might {unknown}
 r - 4 potions of lignification {unknown}
 u - a potion of magic {unknown}
 v - a potion of haste {unknown}


   Skills:
 - Level 0.6 Fighting
 - Level 4.3 Dodging
 + Level 4.8 Stealth
 + Level 4.3 Unarmed Combat
 - Level 4.6 Spellcasting
 - Level 2.8 Conjurations
 - Level 8.8 Hexes


You had 3 spell levels left.
You knew the following spells:

 Your Spells              Type           Power        Failure   Level
a - Tukima's Dance        Hex            46%          1%          3
b - Ensorcelled Hibernat  Hex/Ice        50%          2%          2
c - Confusing Touch       Hex            46%          1%          3
d - Dazzling Flash        Conj/Hex       64%          2%          3

Your spell library contained the following spells:

 Spells                   Type           Power        Failure   Level
 Corona                   Hex            51%          1%          1


Dungeon Overview and Level Annotations

Branches:
Dungeon (5/15)             Temple (1/1) D:5

Altars:
Cheibriados
Dithmenos
Elyvilon
Fedhas
Hepliaklqana
Kikubaaqudgha
Nemelex Xobeh
Okawaru
Qazlal
Ru
Trog
Uskayaw
Xom
Zin

Shops:
D:4 (   D:5 =

Annotations:
D:3 Grinder
D:4 2 transporters, Pikel


Innate Abilities, Weirdness & Mutations

You cannot wear armour.
You are incapable of wielding weapons or throwing items.
Your paws allow you to move quietly. (Stealth)
You have sharp claws.
You have razor-sharp teeth.
You have supernaturally acute eyesight. (SInv)
You cover ground quickly.
You are covered in thick fur. (AC +2)
Your sharp claws are effective at attacking unaware monsters.


Message History

Confirm with . or Enter, or press ? or * to list all spells.
Aiming: Ensorcelled Hibernation (safe; 2% risk of failure)
Press: ? - help, Shift-Dir - straight line, f/p - lemure
Aim: a lemure (lightly wounded, chance to affect: 54%)
The lemure looks drowsy...
You pounce on the unaware helpless lemure!
You mangle the lemure!!
You kill the lemure!
That felt strangely unrewarding.
Casting: Ensorcelled Hibernation (safe; 2% risk of failure)
Confirm with . or Enter, or press ? or * to list all spells.
Aiming: Ensorcelled Hibernation (safe; 2% risk of failure)
Press: ? - help, Shift-Dir - straight line, f - Pikel
Aim: Pikel, wielding a +1 whip of electrocution, wearing a +0 robe and carrying a wand of acid (5) (chance to affect: 54%) Pikel resists with significant effort.
Pikel zaps a wand.
The bolt of acid hits you!
* * * LOW HITPOINT WARNING * * *
You are splashed with acid!
Ouch! That really hurt!
You die...

..$.....'.........+............#
#..(....#....<....###....###.#..
####+#######.....## #........#..
#....## ####.#####.. #.K.## #.#
### ##'## #.# #5# #.# #.#####
#.# ##.#@..######.#
#K...#........# #......########
#...#.## ##.##.# #....# #.####
#.# ######### #.#


You could see Pikel.

Vanquished Creatures
  Sigmund (D:3)
  An ogre (D:5)
  3 lemures (D:4)
  Blork the orc (D:5)
  3 wights
  A hound (D:5)
  5 orc wizards
  3 orc priests (D:4)
  A bullfrog skeleton (D:5)
  Terence (D:3)
  Jessica (D:2)
  Ijyb (D:3)
  4 worker ants
  4 adders
  4 gnolls (D:3)
  A white imp (D:5)
  An ooze (D:5)
  2 worms (D:2)
  4 dart slugs
  6 leopard geckos
  9 orcs
  7 bats
  8 giant cockroaches
  10 hobgoblins
  7 jackals (D:1)
  5 kobolds
  3 quokkas (D:4)
  2 ball pythons
  5 frilled lizards
  8 goblins
  6 rats
118 creatures vanquished.

Vanquished Creatures (collateral kills)
  2 wights (D:4)
2 creatures vanquished.

Vanquished Creatures (others)
  4 toadstools (D:1)
4 creatures vanquished.

Grand Total: 124 creatures vanquished

Notes
Turn   | Place    | Note
-------+----------+-------------------------------------------
     0 | D:1      | inc the Felid Enchanter began the quest for the Orb.
     0 | D:1      | Reached XP level 1. HP: 7/7 MP: 4/4
   277 | D:1      | Reached XP level 2. HP: 11/11 MP: 6/6
   644 | D:1      | Learned a level 2 spell: Ensorcelled Hibernation
  1337 | D:1      | Reached XP level 3. HP: 10/14 MP: 7/7
  2010 | D:2      | Noticed Jessica
  2017 | D:2      | Killed Jessica
  2109 | D:2      | Learned a level 3 spell: Confusing Touch
  2128 | D:2      | Reached XP level 4. HP: 18/18 MP: 8/8
  2207 | D:2      | Reached skill level 5 in Hexes
  2589 | D:2      | Found a hide-covered altar of Uskayaw.
  2690 | D:2      | Became a worshipper of Uskayaw the Reveller
  2758 | D:2      | Reached * piety under Uskayaw
  3021 | D:3      | Noticed Sigmund
  3029 | D:3      | Killed Sigmund
  3029 | D:3      | Reached ** piety under Uskayaw
  3030 | D:3      | Reached skill level 8 in Hexes
  3030 | D:3      | Reached XP level 5. HP: 21/21 MP: 6/9
  3030 | D:3      | Gained mutation: You are covered in thick fur. (AC +2)
                  | [Felid growth]
  3030 | D:3      | Reached XP level 6. HP: 24/24 MP: 6/10
  3135 | D:3      | Noticed Terence
  3288 | D:3      | Killed Terence
  3374 | D:3      | Found a stormy altar of Qazlal.
  4160 | D:3      | Learned a level 3 spell: Dazzling Flash
  4308 | D:3      | Noticed Ijyb
  4319 | D:3      | Killed Ijyb
  4361 | D:3      | Found a white marble altar of Elyvilon.
  4427 | D:3      | Reached skill level 1 in Conjurations
  4514 | D:3      | Noticed Grinder
  4516 | D:3      | Paralysed by Grinder for 5 turns
  5908 | D:4      | Found Voch's Weapon Shoppe.
  6194 | D:5      | Entered Level 5 of the Dungeon
  6448 | D:5      | HP: 1/20 [ogre/+0 giant spiked club (19)]
  6473 | D:5      | Reached XP level 7. HP: 3/27 MP: 1/11
  7033 | D:5      | Found Nuxitiomm's Jewellery Emporium.
  7054 | D:5      | Found a staircase to the Ecumenical Temple.
  7060 | Temple   | Entered the Ecumenical Temple
  7244 | Temple   | Learned a level 3 spell: Tukima's Dance
  7283 | D:5      | Noticed Blork the orc
  7303 | D:5      | Killed Blork the orc
  8138 | D:4      | Killed from afar by an orc priest
  8139 | D:4      | Reached XP level 6. HP: -2/24 MP: 10/12
  8704 | D:4      | Found a hazy altar of Hepliaklqana.
  8810 | D:4      | Found a transporter.
  9161 | D:3      | Reached XP level 7. HP: 24/27 MP: 11/15
  9580 | D:4      | Reached *** piety under Uskayaw
 10467 | D:4      | Killed from afar by an orc priest
 10468 | D:4      | Reached XP level 6. HP: -5/25 MP: 13/14
 10472 | D:4      | Noticed Pikel
 10741 | D:4      | Found a transporter.
 10877 | D:4      | Splashed by Pikel's acid

Illustrated notes

Levels and vault maps discovered:
D:1:      ldierk_water_garden, layout_loops_ring, minmay_door_square
D:2:      layout_basic, eat_drink_and_be_merry_uskayaw, minmay_domino_4,
          uniq_jessica
D:3:      layout_basic, overflow_temple_1_default, lemuel_crystal_altar,
          uniq_grinder, uniq_ijyb, uniq_sigmund, uniq_terence
D:4:      gammafunk_steamed_eel, layout_loops_corners, old_standard_altar,
          serial_shops, shop, kennysheep_path_1, st_stairs_10, minivault_23,
          hangedman_decor_lopped, minmay_misc_feat_rows, glass_columns_a,
          uniq_pikel
D:5:      layout_cave_pools, minmay_temple_entry_hall, serial_park,
          serial_park_tiny_2, serial_shops, shop, abandoned_shop,
          uniq_blork_the_orc
Temple:   jpeg_temple_alley_garden

Skill      XL: |  1  2  3  4  5  6  7 |
---------------+----------------------+-----
Unarmed Combat | 2 3 4 |  4.3
Hexes          | 8 |  8.8
Conjurations   | 2 |  2.8
Spellcasting   | 4 3 |  4.6
Dodging        | 4 |  4.3
Fighting       | |  0.6
Stealth        | |  4.8

Action                   |  1- 3 |  4- 6 |  7- 9 || total
-------------------------+-------+-------+-------++-------
Melee: Unarmed           |   113 |   135 |    83 ||   331
       Bite              |     6 |    12 |     8 ||    26
       Punch             |     2 |     2 |     2 ||     6
 Cast: Ensorcelled Hiber |     2 |    68 |    17 ||    87
       Confusing Touch   |       |     7 |     9 ||    16
       Tukima's Dance    |       |     2 |     5 ||     7
  Use: Scroll            |       |     4 |     5 ||     9
 Stab: Sleeping          |     9 |    52 |    14 ||    75
       Confused          |       |     2 |     4 ||     6
       Distracted        |       |       |     1 ||     1
Armor: Skin              |     4 |     4 |     2 ||    10
Dodge: Dodged            |    77 |    86 |    54 ||   217
